 Dungeon Crawl Stone Soup version 0.31-a0-963-ga325b2283a (webtiles) character file.

Game seed: 8608560345104166327

176 SacredBeard the Trooper (level 5, 0/48 HPs)
             Began as a Hill Orc Fighter on Oct 25, 2023.
             Slain by an ufetubus (2 damage)
             ... on level 4 of the Dungeon.
             The game lasted 00:04:59 (2492 turns).

SacredBeard the Trooper (Hill Orc Fighter)          Turns: 2492, Time: 00:05:00

Health: 0/48       AC:  8    Str: 21    XL:     5   Next: 56%
Magic:  5/5        EV:  9    Int:  8    God:
Gold:   104        SH:  4    Dex: 10    Spells: 4/4 levels left

rFire   . . .        a - +0 war axe
rCold   . . .        c - +0 buckler
rNeg    . . .        b - +0 scale mail
rPois   .            j - +0 helmet
rElec   .            (no cloak)
rCorr   .            (no gloves)
SInv    +            (no boots)
Will    .....        (no amulet) Stlth
                     p - ring of see invisible
HPRegen 0.28/turn    (no ring)
MPRegen 0.09/turn

%: no passive effects
@: no status effects
A: no striking features
a: Convert to Beogh


You were on level 4 of the Dungeon.
You visited 1 branch of the dungeon, and saw 4 of its levels.

You collected 154 gold pieces.
You spent 50 gold pieces at shops.

Inventory:

Hand Weapons
 a - a +0 war axe (weapon)
Armour
 b - a +0 scale mail (worn)
 c - a +0 buckler (worn)
 j - a +0 helmet (worn)
Jewellery
 n - a ring of wizardry
 p - a ring of see invisible (left hand)
Scrolls
 h - 3 scrolls of identify {unknown}
 i - a scroll of blinking {unknown}
 l - a scroll of vulnerability {unknown}
 m - a scroll of poison {unknown}
 o - 2 scrolls of silence {unknown}
Potions
 d - a potion of might
 e - 2 potions of degeneration {unknown}
 f - 3 potions of heal wounds
 g - a potion of curing {unknown}
 k - 3 potions of mutation {unknown}
 q - a potion of ambrosia {unknown}


   Skills:
 * Level 5.1 Fighting
 * Level 4.9 Axes
 - Level 4.0 Armour
 - Level 4.0 Shields


You had 4 spell levels left.
You didn't know any spells.
Your spell library contained the following spells:

 Spells                   Type           Power      Damage    Failure   Level
 Freeze                   Ice            0%         1d3       80%         1
 Frozen Ramparts          Ice            0%         1d1       99%         3
 Hailstorm                Conj/Ice       0%         3d3       99%         3


Dungeon Overview and Level Annotations

Branches:
Dungeon (4/15)
 Temple: D:4-7

Altars:
Elyvilon

Shops:
D:2 =(*!*


Message History

The ufetubus attacks as it pursues you! The ufetubus barely misses you. x2
The ufetubus slips past you!
The ufetubus hits you but does no damage.
The ufetubus misses you.
The ufetubus hits you but does no damage. x2
The ufetubus barely misses you. The ufetubus closely misses you.
The ufetubus attacks as it pursues you!
The ufetubus hits you but does no damage. x2
The ufetubus completely misses you.
The ufetubus hits you but does no damage.
You block the ufetubus's attack.
The ufetubus hits you but does no damage.
The ufetubus hits you.
* * * LOW HITPOINT WARNING * * *
The ufetubus barely misses you. The ufetubus attacks as it pursues you!
The ufetubus hits you but does no damage.
The ufetubus barely misses you. The ufetubus hits you.
* * * LOW HITPOINT WARNING * * *
You block the ufetubus's attack. The ufetubus attacks as it pursues you!
The ufetubus hits you but does no damage.
The ufetubus hits you.
* * * LOW HITPOINT WARNING * * *
The ufetubus slips past you! The ufetubus completely misses you.
The ufetubus hits you.
* * * LOW HITPOINT WARNING * * *
The ufetubus slips past you!
The ufetubus hits you but does no damage. x2
You block the ufetubus's attack. The ufetubus closely misses you.
You closely miss the ufetubus.
The ufetubus is heavily wounded.
You barely miss the ufetubus. The ufetubus barely misses you. x2
The orc wizard casts a spell at you. The puff of flame hits you.
* * * LOW HITPOINT WARNING * * *
The ufetubus hits you but does no damage.
The ufetubus barely misses you. The ufetubus hits you.
You die...

##...##..##.o'o...
#....##..##..#....
#.......o....##+##
#......o.....##
#.......o.)......
#................. ###
##...##...........
###..########...##......##...
...........5@........#..# ...
...........5.....#...#### ..
##....<..##.....###.#
#..##...##+##### ## #. #####


You could see an orc priest, an orc wizard (invisible), 2 ufetubi and an orc.

Vanquished Creatures
  Natasha (thrice) (D:2)
  5 adders
  A gnoll (D:1)
  An orc (D:3)
  6 ball pythons
  5 endoplasms
  A giant cockroach (D:3)
  4 goblins
  3 hobgoblins
  6 kobolds
  4 quokkas
  3 bats (D:2)
  4 frilled lizards
  2 rats
48 creatures vanquished.

Notes
Turn   | Place    | Note
-------+----------+-------------------------------------------
     0 | D:1      | SacredBeard the Hill Orc Fighter began the quest for the
                  | Orb.
     0 | D:1      | Reached XP level 1. HP: 19/19 MP: 1/1
   209 | D:1      | Reached XP level 2. HP: 24/27 MP: 2/2
   297 | D:1      | You fall into a shaft and drop 1 floor!
   299 | D:2      | Noticed Natasha
   317 | D:2      | Killed Natasha
   318 | D:2      | Reached skill level 4 in Fighting
   318 | D:2      | Reached XP level 3. HP: 18/33 MP: 3/3
   376 | D:2      | Noticed Natasha
   381 | D:2      | Killed Natasha
   382 | D:2      | Reached XP level 4. HP: 32/41 MP: 4/4
   917 | D:2      | Found Vopasch's Distillery.
   921 | D:2      | Bought a potion of heal wounds for 50 gold pieces
   957 | D:2      | Found Unaejop's General Store.
  1067 | D:2      | Found Zasixuf's Antique Weapon Shoppe.
  1088 | D:2      | Found Foon's Jewellery Boutique.
  1163 | D:2      | Noticed Natasha
  1171 | D:2      | Killed Natasha
  1172 | D:2      | Reached XP level 5. HP: 33/47 MP: 5/5
  1280 | D:2      | Found a white marble altar of Elyvilon.
  1317 | D:2      | Found Gousufua's General Store.
  1325 | D:2      | Reached skill level 5 in Fighting
  2492 | D:4      | HP: 2/48 [orc wizard/puff of flame (6)]
  2492 | D:4      | Slain by an ufetubus

Illustrated notes

Levels and vault maps discovered:
D:1:      tarquinn_simple_flora_water_f, layout_loops_ring,
          minmay_small_reverse_x
D:2:      layout_basic, basic_altar, serial_shops, nicolae_shop_real_fake_doors,
          nicolae_shop_trees, shop, nicolae_shop_behind_doors,
          nicolae_shop_tiny_real_fake_doors, uniq_natasha
D:3:      layout_basic, minmay_checkerbox
D:4:      layout_gridville, serial_rivers, chequers_serial_rivers_small_3,
          chequers_serial_rivers_room_a, chequers_serial_rivers_large_b,
          chequers_serial_rivers_small_b, chequers_serial_rivers_large_a,
          portal_sewer_entry_b

Skill      XL: |  1  2  3  4  5 |
---------------+----------------+-----
Axes           | 3 4 |  4.9
Fighting       | 4 5 |  5.1
Shields        | 4 |  4.0
Armour         | 4 |  4.0

Action                     |  1- 3 |  4- 6 || total
---------------------------+-------+-------++-------
  Melee: War axe           |    71 |   103 ||   174
 Armour: Scale mail        |    46 |   110 ||   156
  Dodge: Dodged            |    41 |    66 ||   107
  Block: Buckler           |    15 |    31 ||    46

Table legend: (Time is in decaauts)
 A = Elapsed time spent in this place.
 B = Non-inter-level travel time spent in this place.
 C = Inter-level travel time spent in this place.
 D = Time resting spent in this place.
 E = Time spent auto-exploring this place.
 F = Levels seen in this place.
 G = Mean time per level.
                   A        B        C        D        E       F      G
               +--------+--------+--------+--------+--------+-----+--------+
         Total |   2559 |   2490 |     69 |      0 |   2032 |   4 |  639.8 |
       Dungeon |   2559 |   2490 |     69 |      0 |   2032 |   4 |  639.8 |
               +--------+--------+--------+--------+--------+-----+--------+

Top non-repeatable levels by time:
     D:3: 965 daAuts
     D:2: 867 daAuts
     D:1: 681 daAuts
     D:4: 44 daAuts
